 Dungeon Crawl Stone Soup version 0.20.1-1-g8b1a95d (webtiles) character file.

59 slep the Skirmisher (level 3, -2/30 HPs)
             Began as a Demonspawn Abyssal Knight on Oct 26, 2017.
             Was a Follower of Lugonu.
             Slain by an adder (3 damage)
             ... on level 2 of the Dungeon.
             The game lasted 00:06:14 (958 turns).

slep the Skirmisher (Demonspawn Abyssal Knight)      Turns: 958, Time: 00:06:15

Health: -2/30      AC:  1    Str: 16 (17) XL:     3   Next: 78%
Magic:  3/3        EV: 11    Int: 11 (13) God:    Lugonu [*.....]
Gold:   43         SH:  0    Dex: 10 (13) Spells: 2/2 levels left

rFire    . . .     SeeInvis .   a - +1 falchion
rCold    . . .     Gourm    .   (no shield)
rNeg     . . .     Faith    .   b - +0 leather armour
rPois    .         Spirit   .   (no helmet)
rElec    .         Reflect  .   (no cloak)
rCorr    .         Harm     .   (no gloves)
MR       .....     Rnd*Rage +   (no boots)
Stlth    ++........             (no amulet)
Regen    0.1/turn               (no ring)
MPRegen  0.1/turn               (no ring)

@: mighty, lethally poisoned (-2 -> -4)
A: [berserk 2], [deformed body], [low mp 3], nightstalker 1, [subdued magic 2]
a: Depart the Abyss, Renounce Religion


You were on level 2 of the Dungeon.
You worshipped Lugonu.
Lugonu was aware of your devotion.
You were full.

You visited 1 branch of the dungeon, and saw 2 of its levels.
You visited the Abyss 1 time.

You collected 43 gold pieces.

Inventory:

Hand Weapons
 a - a +1 falchion (weapon)
Armour
 b - a +0 leather armour (worn)
Scrolls
 d - 2 scrolls of identify
 h - a scroll of remove curse
Comestibles
 f - a meat ration


   Skills:
 + Level 4.0 Fighting
 + Level 2.1 Long Blades
 + Level 2.2 Armour
 + Level 0.8 Dodging
 + Level 0.8 Stealth
 + Level 2.6 Invocations


You had 2 spell levels left.
You didn't know any spells.

Dungeon Overview and Level Annotations

Branches:
Dungeon (2/15)

Altars:


Innate Abilities, Weirdness & Mutations

You are slightly more attuned to the shadows.
[You often lose your temper in combat.]
[Armour fits poorly on your strangely shaped body.]
[Your magical capacity is extremely low. (-30% MP)]
[Your spells are easier to cast, but less powerful.]


Message History

As you read the scroll labeled WUQEPUSEWN, it crumbles to dust.
You feel strangely unstable.
It was a scroll of teleportation.
As you read the scroll labeled SOCUSOLOANK, it crumbles to dust.
The scroll dissolves into smoke.
It was a scroll of fog.
* * * LOW HITPOINT WARNING * * *
You feel sick.
As you read the scroll labeled MOMOCEL AFEB, it crumbles to dust.
You feel blessed for a moment.
It was a scroll of remove curse.
As you read the scroll labeled CAVOGIMOOXID, it crumbles to dust.
It is a scroll of identify.
You don't have any unidentified items.
You eat the bread ration.
That bread ration really hit the spot!
Your surroundings suddenly seem different.
An adder comes into view.
Unknown command.
* * * LOW HITPOINT WARNING * * *
You feel sick.
The adder hisses angrily.
The adder bites you.
You die...

**,**********,* *,,,,,* *,* *,*
*,,,,,* *,* *,**** *,***** ##+##
*,,,.# *,* ##...## #****.##* *,*
##§§§..## #.,,,..,# *,***
#.§§§§..## ##.#**.#.# *,*,**
..§§§§...####..S##.#.###**,,,,***
...§§§...+......@.......,,,,,,,,,
..§§§....####...#..#.##***,,,,***
#.%.....## ##.##.##,* *,,,,,**
##.....## #.*#.#*,* *,*,,**
##...##*****#,*#.#*,* *,*,,*
##....,,,,,*,,...,,* *,*,,*
*.####***,**##.##** *,*,,* *.#
*,* #.# *,**,* **,#******,***#.#
*,,,,**


You could see an adder.

Vanquished Creatures
  A jelly (Abyss:1)
  An adder (D:2)
  2 giant cockroaches
  2 goblins (D:1)
  2 hobgoblins (D:1)
  2 kobolds (D:1)
  5 bats (D:1)
  2 frilled lizards (D:1)
  2 rats (D:1)
19 creatures vanquished.

Vanquished Creatures (others)
  A dart slug (D:1)
  A bat (D:1)
  2 kobolds (D:1)
4 creatures vanquished.

Grand Total: 23 creatures vanquished

Notes
Turn   | Place    | Note
-------+----------+-------------------------------------------
     0 | Abyss:1  | slep the Demonspawn Abyssal Knight began the quest for the Orb.
     0 | Abyss:1  | Reached XP level 1. HP: 18/18 MP: 2/2
    57 | Abyss:1  | Noticed a jelly
    66 | Abyss:1  | Killed a jelly
    66 | Abyss:1  | Gained mutation: You are slightly more attuned to the shadows. [demonic ancestry]
    66 | Abyss:1  | Reached XP level 2. HP: 4/25 MP: 3/3
    66 | Abyss:1  | Reached XP level 3. HP: 5/30 MP: 4/4
    94 | Abyss:1  | Noticed a wretched star
   105 | D:1      | Escaped the Abyss
   838 | D:1      | Reached skill level 4 in Fighting
   951 | D:2      | HP: 1/30 [poisoned by an adder]
   958 | D:2      | Slain by an adder

Skill      XL: |  1  2  3 |
---------------+----------+-----
Armour         | 2 |  2.2
Long Blades    | 2 |  2.1
Fighting       | 4 |  4.0
Dodging        | |  0.8
Stealth        | |  0.8
Invocations    | |  2.6

Action                   || total
-------------------------++-------
Melee: Falchion          ||    38
  Use: Scroll            ||     5
       Potion            ||     2
 Stab: Sleeping          ||     6
  Eat: Bread ration      ||     1
Armor: Leather armour    ||    12
Dodge: Dodged            ||    26
       Rpst.: Falchion   ||     3
